 Dungeon Crawl Stone Soup version 0.22-a0-406-g9ff8d77 (webtiles) character file.

2727 Gorice the Arsonist (level 9, -8/45 HPs)
             Began as a Deep Elf Fire Elementalist on May 8, 2018.
             Killed from afar by a steam dragon (19 damage)
             ... with a ball of steam
             ... on level 7 of the Dungeon.
             The game lasted 00:29:49 (6584 turns).

Gorice the Arsonist (Deep Elf Fire Elementalist)    Turns: 6584, Time: 00:29:49

Health: -8/45      AC: 10    Str:  5    XL:     9   Next: 40%
Magic:  4/23       EV: 12    Int: 24    God:
Gold:   354        SH:  0    Dex: 15    Spells: 9/24 levels left

rFire    . . .     SeeInvis .   a - +2 whip (venom)
rCold    . . .     Gourm    .   (no shield)
rNeg     . . .     Faith    .   r - +3 leather armour
rPois    .         Spirit   .   (no helmet)
rElec    .         Reflect  .   t - +2 cloak
rCorr    +         Harm     .   (no gloves)
MR       .....                  s - +0 pair of boots
Stlth    ++........             b - amulet of the acrobat
HPRegen  0.15/turn              C - ring of resist corrosion
MPRegen  0.18/turn              (no ring)

@: no status effects
A: no striking features
a: no special abilities


You were on level 7 of the Dungeon.
You were hungry.

You visited 2 branches of the dungeon, and saw 8 of its levels.

You collected 354 gold pieces.

Inventory:

Hand Weapons
 a - a +2 whip of venom (weapon)
   (You took it off a gnoll on level 5 of the Dungeon)
 v - a +1 dagger of speed
   (You took it off a goblin on level 2 of the Dungeon)
 w - a +1 dagger of holy wrath
   (You took it off an orc wizard on level 7 of the Dungeon)
 x - a +0 spear of freezing
   (You found it on level 6 of the Dungeon)
Missiles
 q - 8 tomahawks (quivered)
 Y - 180 stones
Armour
 f - a +1 robe
 r - a +3 leather armour (worn)
 s - a +0 pair of boots (worn)
 t - a +2 cloak (worn)
Jewellery
 b - an amulet of the acrobat (around neck)
 p - an uncursed ring of protection from cold {unknown}
 C - a ring of resist corrosion (left hand)
Scrolls
 g - 2 scrolls of magic mapping {!r}
 k - a scroll of remove curse
 m - a scroll of teleportation {!r}
 y - 3 scrolls of immolation {unknown}
Potions
 d - 3 potions of haste {!q}
 e - 3 potions of berserk rage
 i - 7 potions of curing
 j - a potion of resistance {!q}
 l - a potion of might {!q}
 n - a potion of brilliance {unknown}
 o - 3 potions of lignification {!q}
Comestibles
 c - 13 rations
 u - 2 chunks of flesh


   Skills:
 - Level 2.4 Dodging
 - Level 2.4 Stealth
 + Level 8.2 Spellcasting
 * Level 9.2 Conjurations
 * Level 9.3 Fire Magic


You had 9 spell levels left.
You knew the following spells:

 Your Spells              Type           Power        Failure   Level  Hunger
a - Flame Tongue          Conj/Fire      #####        1%          1    None
b - Throw Flame           Conj/Fire      ######       1%          2    None
c - Conjure Flame         Conj/Fire      ######..     1%          3    None
d - Sticky Flame          Conj/Fire      ######..     2%          4    ##.....
e - Fireball              Conj/Fire      ######....   6%          5    #####..


Dungeon Overview and Level Annotations

Branches:
Dungeon (7/15)             Temple (1/1) D:4

Altars:
Ashenzari
Fedhas
Gozag
Hepliaklqana
Kikubaaqudgha
Makhleb
Okawaru
Ru
Sif Muna
Trog
Uskayaw
Wu Jian
Xom
Yredelemnul
Zin
The Shining One

Shops:
D:6 (


Message History

You are engulfed in a cloud of scalding steam.
Casting: Sticky Flame (safe; 2% risk of failure)
Confirm with . or Enter, or press ? or * to list all spells.
Aiming: Fireball (safe; 6% risk of failure)
Press: ? - help, Shift-Dir - straight line, f - steam dragon
Aim: a steam dragon (catching its breath)
The fireball explodes!
The fireball engulfs the steam dragon.
The steam dragon is lightly wounded.
You are feeling hungry.
The steam dragon breathes steam at you. The ball of steam misses you.
You are engulfed in a cloud of scalding steam.
You see here a pair of boots.
The steam dragon misses you. The steam dragon claws you.
You see here a pair of boots.
Casting: Fireball (safe; 6% risk of failure)
Confirm with . or Enter, or press ? or * to list all spells.
Aiming: Sticky Flame (safe; 2% risk of failure)
Press: ? - help, Shift-Dir - straight line, f/p - steam dragon
Aim: a steam dragon (lightly wounded)
The sticky flame hits the steam dragon.
The steam dragon is moderately wounded.
The steam dragon is covered in liquid flames!
The steam dragon burns!
The steam dragon breathes steam at you. The ball of steam misses you.
Unknown command.
The steam dragon burns!
The steam dragon bites you.
* * * LOW HITPOINT WARNING * * *
The steam dragon completely misses you.
You are engulfed in a cloud of scalding steam.
* * * LOW HITPOINT WARNING * * *
The steam dragon burns!
The steam dragon closely misses you. The steam dragon claws you.
* * * LOW HITPOINT WARNING * * *
Some of the chunks of flesh in your inventory have rotted away.
You see here a pair of boots.
Damage: 8 (max 8)
You barely miss the steam dragon.
The steam dragon is severely wounded.
The steam dragon burns!
The steam dragon breathes steam at you. The ball of steam hits you!
* * * LOW HITPOINT WARNING * * *
Damage: 11 (max 11)
The steam dragon burns!
The steam dragon stops burning.
You feel better. The steam dragon breathes steam at you.
The ball of steam hits you!
You die...

# #.#.##)#####.# #.#
##############.#.##<#####.###.##
..........!......................
...###########..#...#####.###.###
##.# #....#######.###.# ##.#
#................. ##.#
#.#.########...... ##.# #.#.#
##### ##.# #.#@# #.#
.#D########### #.# #.....g)†)..#
#.# ###########.# ..# ..gg ..#.#
.##.# D# #


You could see a steam dragon.

Vanquished Creatures
  Prince Ribbit (D:6)
  Sigmund (D:5)
  Edmund (D:4)
  3 ice beasts (D:6)
  2 sky beasts
  2 black bears
  2 ogres
  A necrophage (D:6)
  A centaur (D:5)
  A gnoll sergeant (D:7)
  Blork the orc (D:6)
  2 bullfrogs
  A scorpion (D:4)
  2 howler monkeys
  A centaur zombie (D:5)
  3 crimson imps
  2 bullfrog zombies (D:5)
  A bullfrog skeleton (D:6)
  A gnoll shaman (D:5)
  Crazy Yiuf (D:4)
  12 orc wizards
  An iguana (D:5)
  3 worker ants
  9 gnolls
  5 adders
  A shadow imp (D:4)
  2 oozes
  An adder skeleton (D:6)
  3 adder zombies
  3 worms
  A dart slug (D:2)
  5 leopard geckos
  12 orcs
  6 bats
  3 giant cockroaches
  6 goblins
  9 hobgoblins
  2 jackals (D:2)
  3 kobolds
  3 quokkas
  2 ball pythons (D:3)
  3 frilled lizards
  A leopard gecko skeleton (D:6)
  A quokka skeleton (D:4)
  4 rats
131 creatures vanquished.

Notes
Turn   | Place    | Note
-------+----------+-------------------------------------------
     0 | D:1      | Gorice the Deep Elf Fire Elementalist began the quest for the Orb.
     0 | D:1      | Reached XP level 1. HP: 10/10 MP: 6/6
   138 | D:1      | Reached skill level 2 in Conjurations
   138 | D:1      | Reached XP level 2. HP: 12/15 MP: 0/8
   819 | D:2      | Reached XP level 3. HP: 19/19 MP: 8/10
   930 | D:2      | Found a faded altar of an unknown god.
   980 | D:2      | Reached skill level 3 in Conjurations
  1223 | D:2      | Reached skill level 4 in Spellcasting
  1704 | D:2      | Reached XP level 4. HP: 24/24 MP: 7/12
  2146 | D:3      | Reached skill level 4 in Fire Magic
  2146 | D:3      | Reached XP level 5. HP: 20/28 MP: 3/13
  2169 | D:3      | Reached skill level 4 in Conjurations
  2514 | D:4      | Found a staircase to the Ecumenical Temple.
  2523 | Temple   | Entered the Ecumenical Temple
  2807 | D:4      | Found an iron altar of Okawaru.
  2828 | D:4      | Noticed Edmund
  2841 | D:4      | Killed Edmund
  2841 | D:4      | Reached XP level 6. HP: 20/32 MP: 3/15
  2920 | D:4      | Found a runed door.
  2998 | D:4      | Learned a level 2 spell: Throw Flame
  3002 | D:4      | Learned a level 3 spell: Conjure Flame
  3010 | D:4      | Reached skill level 5 in Spellcasting
  3010 | D:4      | Reached skill level 5 in Conjurations
  3010 | D:4      | Reached skill level 5 in Fire Magic
  3570 | D:4      | Noticed Crazy Yiuf
  3578 | D:4      | Killed Crazy Yiuf
  3671 | D:5      | Entered Level 5 of the Dungeon
  3697 | D:5      | Reached XP level 7. HP: 35/36 MP: 10/17
  3907 | D:5      | Noticed Sigmund
  3914 | D:5      | Learned a level 4 spell: Sticky Flame
  3944 | D:5      | Killed Sigmund
  3944 | D:5      | Reached skill level 6 in Conjurations
  3944 | D:5      | Reached skill level 6 in Fire Magic
  4291 | D:5      | Reached skill level 6 in Spellcasting
  4864 | D:6      | Reached XP level 8. HP: 41/41 MP: 9/19
  4992 | D:6      | Noticed Blork the orc
  5014 | D:6      | Killed Blork the orc
  5014 | D:6      | Reached skill level 7 in Fire Magic
  5036 | D:6      | Reached skill level 7 in Conjurations
  5131 | D:6      | Found Quonuy's Antique Weapon Shoppe.
  5229 | D:6      | Reached skill level 7 in Spellcasting
  5400 | D:6      | Reached skill level 8 in Fire Magic
  5404 | D:6      | Reached skill level 8 in Conjurations
  5776 | D:6      | Learned a level 5 spell: Fireball
  5841 | D:6      | Reached XP level 9. HP: 45/45 MP: 14/22
  5866 | D:6      | Noticed Prince Ribbit
  5965 | D:6      | Killed Prince Ribbit
  6238 | D:7      | Reached skill level 8 in Spellcasting
  6238 | D:7      | Reached skill level 9 in Conjurations
  6238 | D:7      | Reached skill level 9 in Fire Magic
  6582 | D:7      | HP: 4/45 [steam dragon/ball of steam (11)]
  6584 | D:7      | Killed from afar by a steam dragon

Vault maps used:
D:1:      co_arrival_square_in_a_square_in_a_square
D:2:      serial_forest, infiniplex_forest_side_room,
          infiniplex_forest_clump_large, infiniplex_forest_clump_diagonal,
          infiniplex_forest_lined_2, infiniplex_forest_lined_2,
          infiniplex_forest_clump_curved, infiniplex_forest_end_2,
          chequers_ecumenical_altar_simple
D:4:      minmay_temple_entry_poolview, okawaru_metal_pillars_1_2,
          uniq_crazy_yiuf_cottage, uniq_edmund
D:5:      first_ration, uniq_sigmund
D:6:      minmay_flawed_box, serial_shops, shop, columned_hall_lemuel,
          minmay_joined_circles, uniq_blork_the_orc, uniq_prince_ribbit1
D:7:      cheibrodos_quashed, nrook_mini_backslash
Temple:   minmay_temple_bridge_d

Skill      XL: |  1  2  3  4  5  6  7  8  9 |
---------------+----------------------------+-----
Conjurations   | 2 3 4 5 6 8 9 |  9.2
Spellcasting   | 4 5 6 7 8 |  8.2
Fire Magic     | 4 5 6 8 9 |  9.3
Dodging        | |  2.4
Stealth        | |  2.4

Action                   |  1- 3 |  4- 6 |  7- 9 || total
-------------------------+-------+-------+-------++-------
Melee: Dagger            |       |     3 |    16 ||    19
       Whip              |       |       |   127 ||   127
Throw: Tomahawk          |       |       |     6 ||     6
 Cast: Flame Tongue      |    60 |    80 |    70 ||   210
       Throw Flame       |       |     9 |    27 ||    36
       Conjure Flame     |       |     4 |    15 ||    19
       Sticky Flame      |       |       |    14 ||    14
       Fireball          |       |       |     6 ||     6
  Use: Scroll            |     6 |     3 |     7 ||    16
       Potion            |       |       |     1 ||     1
 Stab: Sleeping          |       |       |     4 ||     4
  Eat: Chunk             |     2 |     6 |    12 ||    20
Armor: Robe              |     3 |     7 |       ||    10
       Leather armour    |       |       |    69 ||    69
Dodge: Dodged            |    13 |    28 |    93 ||   134

Table legend:
 A = Spawn XP
 B = Non-spawn XP
 C = Spawn XP percentage of total XP
 D = Spawn monster count
 E = Non-spawn monster count
 F = Spawn count percentage of total count
 G = Total turns spent on level
                    A         B        C        D         E        F      G
               +---------+---------+-------+---------+---------+-------+---------
         Total |       0 |    3897 |   0.0 |       0 |     131 |   0.0 |  6584
               +---------+---------+-------+---------+---------+-------+---------
           D:1 |       0 |      28 |   0.0 |       0 |      15 |   0.0 |   790
           D:2 |       0 |      69 |   0.0 |       0 |      20 |   0.0 |   936
           D:3 |       0 |     102 |   0.0 |       0 |      19 |   0.0 |   690
           D:4 |       0 |     515 |   0.0 |       0 |      12 |   0.0 |  1023
           D:5 |       0 |     691 |   0.0 |       0 |      18 |   0.0 |  1167
           D:6 |       0 |    1840 |   0.0 |       0 |      32 |   0.0 |  1391
           D:7 |       0 |     652 |   0.0 |       0 |      15 |   0.0 |   355
               +---------+---------+-------+---------+---------+-------+---------

Table legend:
 A = Turns spent in this place as a percentage of turns spent in the entire game.
 B = Non-inter-level travel turns spent in this place as a percentage of non-inter-level travel turns spent in the entire game.
 C = Inter-level travel turns spent in this place as a percentage of turns spent in this place.
 D = Turns resting spent in this place as a percentage of non-inter-level travel turns spent in this place.
 E = Turns spent auto-exploring this place as a percentage of non-inter-level travel turns spent in this place.
 F = Non-inter-level travel turns spent in this place divided by the number of levels of this place that you've seen.
                   A       B       C       D       E      F
               +-------+-------+-------+-------+-------+----------------------
         Total | 100.0 | 100.0 |   3.6 |  17.1 |  56.8 | 793.5
       Dungeon |  96.5 |  96.3 |   3.7 |  17.8 |  55.3 | 873.7
        Temple |   3.5 |   3.7 |   0.0 |   0.0 |  95.7 | 232.0
               +-------+-------+-------+-------+-------+----------------------

Vault maps used:
D:1:      co_arrival_square_in_a_square_in_a_square
D:2:      serial_forest, infiniplex_forest_side_room,
          infiniplex_forest_clump_large, infiniplex_forest_clump_diagonal,
          infiniplex_forest_lined_2, infiniplex_forest_lined_2,
          infiniplex_forest_clump_curved, infiniplex_forest_end_2,
          chequers_ecumenical_altar_simple
D:4:      minmay_temple_entry_poolview, okawaru_metal_pillars_1_2,
          uniq_crazy_yiuf_cottage, uniq_edmund
D:5:      first_ration, uniq_sigmund
D:6:      minmay_flawed_box, serial_shops, shop, columned_hall_lemuel,
          minmay_joined_circles, uniq_blork_the_orc, uniq_prince_ribbit1
D:7:      cheibrodos_quashed, nrook_mini_backslash
Temple:   minmay_temple_bridge_d
